 Dungeon Crawl Stone Soup version 0.30-a0-358-g0d69a1922f (webtiles) character file.

Game seed: 17498301333057585469

48 funkygono the Firebug (level 3, 0/26 HPs)
             Began as a Draconian Fire Elementalist on Nov 9, 2022.
             Slain by a goblin
             ... wielding a +0 club
             ... led by Robin
              (2 damage)
             ... on level 1 of the Dungeon.
             The game lasted 00:02:19 (1390 turns).

funkygono the Firebug (Draconian Fire Elementalist) Turns: 1390, Time: 00:02:20

Health: 0/26       AC:  5    Str: 10    XL:     3   Next: 50%
Magic:  3/6        EV: 12    Int: 17    God:
Gold:   71         SH:  0    Dex: 11    Spells: 1/7 levels left

rFire   . . .      SeeInvis .    e - +0 whip
rCold   . . .      Faith    .    (no shield)
rNeg    . . .      Spirit   .    (body armour unavailable)
rPois   .          Reflect  .    (helmet restricted)
rElec   .          Harm     .    (no cloak)
rCorr   .          Rampage  .    (no gloves)
Will    .....                    (no boots)
Stlth   ++........               (no amulet)
HPRegen 0.24/turn                (no ring)
MPRegen 0.10/turn                (no ring)

@: lethally poisoned (0 -> -2)
A: AC +5, unfitting armour, cold-blooded
a: no special abilities


You were on level 1 of the Dungeon.
You visited 1 branch of the dungeon, and saw 2 of its levels.

You collected 71 gold pieces.

Inventory:

Hand Weapons
 e - a +0 whip (weapon)
Scrolls
 b - 3 scrolls of identify {unknown}
 c - a scroll of amnesia {unknown}
 d - a scroll of enchant armour {unknown}
 f - a scroll of fear {unknown}
Potions
 a - a potion of magic
 g - a potion of curing {unknown}


   Skills:
 + Level 0.3 Fighting
 + Level 2.0 Dodging
 - Level 1.7 Stealth
 + Level 2.5 Spellcasting
 + Level 1.6 Conjurations
 + Level 3.7 Fire Magic


You had one spell level left.
You knew the following spells:

 Your Spells              Type           Power      Damage    Failure   Level
a - Foxfire               Conj/Fire      44%        2x1d6     6%          1
b - Scorch                Fire           28%        2d6       6%          2
c - Kindle Blastsparks    Fire/Tloc/Air  12%        2d11      32%         3

Your spell library contained the following spells:

 Spells                   Type           Power      Damage    Failure   Level
 Inner Flame              Hex/Fire       8%         N/A       26%         3
 Flame Wave               Conj/Fire      11%        2d6       52%         4


Dungeon Overview and Level Annotations

Branches:
Dungeon (2/15)

Altars:

Shops:
D:1 :

Annotations:
D:1 Robin


Innate Abilities, Weirdness & Mutations

Your plain brown scales are hard. (AC +5)
You cannot fit into any form of body armour.
You are cold-blooded and may be slowed by cold attacks.


Message History

The goblin closely misses you.
The hobgoblin hits you but does no damage.
The goblin hits you with a +0 club. The goblin barely misses you.
Robin roars a battlecry!
The goblins go into a battle-frenzy!
There is a stone staircase leading up here.
The goblin hits you with a +0 club. The hobgoblin closely misses you.
The goblin completely misses you. The goblin closely misses you.
Robin barely misses you.
You climb upwards.
There is a stone staircase leading down here.
Unknown command.
Casting: Scorch (safe; 6% risk of failure)
Confirm with . or Enter, or press ? or * to list all spells.
You don't know that spell.
You barely miss the goblin. The goblin closely misses you.
The goblin hits you with a +0 dagger. The hobgoblin closely misses you.
The goblin hits you with a +0 club.
Unknown command.
Casting: Scorch (safe; 6% risk of failure)
Confirm with . or Enter, or press ? or * to list all spells.
Flames lash the goblin.
You kill the goblin!
The hobgoblin barely misses you. The goblin hits you with a +0 club. x2
* * * LOW HITPOINT WARNING * * *
Unknown command.
Robin throws the goblin at you! The goblin hits you but does no damage.
You are lethally poisoned!
You see here a +0 dagger.
You hit the goblin.
You kill the goblin!
* * * LOW HITPOINT WARNING * * *
You feel sick. The goblin barely misses you.
Unknown command.
Casting: Scorch (safe; 6% risk of failure)
Confirm with . or Enter, or press ? or * to list all spells.
You conjure some foxfire!
* * * LOW HITPOINT WARNING * * *
You feel sick. The goblin hits you with a +0 club.
You die...

##...........####..##.#
#.##..............##.#
#.##.#.##...####.###.#
#.##.#.##...# #.# #.# #####
#.##.#.##...# #.# #.# #....
#.##.#.##.).####.# #.#
#.##. #.##.#...........#
#.# #.##.
#.##.####..)###..###.#
#.##.
#.##....[.ggg@v......#
#.##.
#.#######..g###.######
#.#.# #.#######...# #.#
#.##. #...........# #.#
#.### #########..##
#.##########.#
#..####............#
######..................#
#.......##############.####
#.#####.# #.....


You could see Robin, a hobgoblin (strong) and 2 goblins.

Vanquished Creatures
  A gnoll (D:1)
  2 bats (D:1)
  5 endoplasms (D:1)
  4 goblins (D:1)
  5 hobgoblins (D:1)
  7 jackals (D:1)
  A quokka (D:1)
  3 ball pythons (D:1)
  2 kobolds (D:1)
  4 rats (D:1)
34 creatures vanquished.

Vanquished Creatures (others)
  78 foxfires (D:1)
  8 plants (D:1)
86 creatures vanquished.

Grand Total: 120 creatures vanquished

Notes
Turn   | Place    | Note
-------+----------+-------------------------------------------
     0 | D:1      | funkygono the Draconian Fire Elementalist began the quest
                  | for the Orb.
     0 | D:1      | Reached XP level 1. HP: 14/14 MP: 3/3
     6 | D:1      | Noticed a water moccasin
     6 | D:1      | Noticed a polar bear
     7 | D:1      | Noticed a redback
     7 | D:1      | Noticed a swamp drake
   202 | D:1      | Found Tosap's Book Boutique.
   318 | D:1      | Reached XP level 2. HP: 20/20 MP: 3/5
   321 | D:1      | Learned a level 2 spell: Scorch
   425 | D:1      | Found a faded altar of an unknown god.
   661 | D:1      | Reached XP level 3. HP: 26/26 MP: 2/6
   665 | D:1      | Learned a level 3 spell: Kindle Blastsparks
  1317 | D:2      | Noticed Robin
  1390 | D:1      | Slain by a goblin

Illustrated notes

Levels and vault maps discovered:
D:1:      onia_arrival_zoo_common, layout_loops_ring,
          shapermc_ecumenical_altar_hornbeckon, serial_shops,
          nicolae_diamond_shop
D:2:      layout_rooms, minmay_misc_feat_tower, uniq_jessica, uniq_robin

Skill      XL: |  1  2 |
---------------+-------+-----
Dodging        | 2 |  2.0
Fighting       | |  0.3
Stealth        | |  1.7
Spellcasting   | |  2.5
Conjurations   | |  1.6
Fire Magic     | |  3.7

Action                   || total
-------------------------++-------
Melee: Short sword       ||     1
       Whip              ||     4
 Cast: Foxfire           ||    49
       Scorch            ||     8
Armor: Skin              ||     8
Dodge: Dodged            ||    29

Table legend: (Time is in decaauts)
 A = Elapsed time spent in this place.
 B = Non-inter-level travel time spent in this place.
 C = Inter-level travel time spent in this place.
 D = Time resting spent in this place.
 E = Time spent auto-exploring this place.
 F = Levels seen in this place.
 G = Mean time per level.
                   A        B        C        D        E       F      G
               +--------+--------+--------+--------+--------+-----+--------+
         Total |   1394 |   1376 |     18 |     54 |   1119 |   2 |  697.0 |
       Dungeon |   1394 |   1376 |     18 |     54 |   1119 |   2 |  697.0 |
               +--------+--------+--------+--------+--------+-----+--------+

Top non-repeatable levels by time:
     D:1: 1390 daAuts
     D:2: 4 daAuts
